 Dungeon Crawl Stone Soup version 0.28.0-53-g5a82cb258f (webtiles) character file.

Game seed: 16705422511477601069

25 issech the Chopper (level 2, -1/27 HPs)
             Began as a Minotaur Monk on June 5, 2022.
             Slain by a quokka (5 damage)
             ... on level 1 of the Dungeon.
             The game lasted 00:01:34 (800 turns).

issech the Chopper (Minotaur Monk)                   Turns: 800, Time: 00:01:35

Health: -1/27      AC:  2    Str: 15    XL:     2   Next: 82%
Magic:  1/1        EV: 13    Int:  7    God:
Gold:   9          SH:  0    Dex: 12    Spells: 1/1 levels left

rFire   . . .      SeeInvis .   a - +0 hand axe
rCold   . . .      Faith    .   (no shield)
rNeg    . . .      Spirit   .   b - +0 robe
rPois   .          Reflect  .   (helmet restricted)
rElec   .          Harm     .   (no cloak)
rCorr   .          Rampage  .   (no gloves)
Will    .....                   (no boots)
Stlth   ++........              (no amulet)
HPRegen 0.09/turn               (no ring)
MPRegen 0.07/turn               (no ring)

@: no status effects
A: horns 2, retaliatory headbutt
a: no special abilities


You were on level 1 of the Dungeon.
You visited 1 branch of the dungeon, and saw 1 of its levels.

You collected 9 gold pieces.

Inventory:

Hand Weapons
 a - a +0 hand axe (weapon)
Missiles
 f - 5 stones (quivered)
Armour
 b - a +0 robe (worn)
Scrolls
 d - a scroll of summoning {unknown}
 e - a scroll of vulnerability {unknown}
Potions
 c - a potion of curing {unknown}


   Skills:
 + Level 4.0 Fighting
 + Level 4.2 Axes
 + Level 3.6 Dodging
 + Level 1.7 Stealth


You had one spell level left.
You didn't know any spells.
Your spell library was empty.

Dungeon Overview and Level Annotations

Branches:
Dungeon (1/15)

Altars:


Innate Abilities, Weirdness & Mutations

You have a pair of horns on your head.
You reflexively headbutt those who attack you in melee.


Message History

You headbutt the kobold!
You kill the kobold!
The quokka closely misses you. The quokka bites you. The quokka bites you.
You hit the endoplasm.
The endoplasm is heavily wounded.
You barely miss the quokka.
The quokka bites you but does no damage.
The endoplasm freezes you.
You are frozen.
The quokka bites you.
You slash the endoplasm!
You kill the endoplasm!
You completely miss the quokka. The quokka bites you.
You barely miss the goblin. You miss the quokka.
The goblin hits you with a +0 club. The quokka bites you.
* * * LOW HITPOINT WARNING * * *
The goblin hits you with a +0 club.
* * * LOW HITPOINT WARNING * * *
You hit the goblin but do no damage. You headbutt the goblin.
You punch the goblin.
You kill the goblin!
You hit the quokka but do no damage. The quokka bites you.
* * * LOW HITPOINT WARNING * * *
The quokka misses you. The quokka misses you.
The quokka twitches its whiskers.
The quokka closely misses you. The quokka barely misses you.
Found a hand axe.
The quokka closely misses you.
The quokka bites you but does no damage.
You see here a +0 hand axe.
You closely miss the quokka. The quokka closely misses you.
You hit the quokka.
The quokka is heavily wounded.
The quokka twitches its whiskers.
The quokka barely misses you. You furiously retaliate!
You headbutt the quokka. The quokka bites you.
You die...

#.# #.# #.#.#. #.#
#.# #.#.#. #.# #.#
#.#.#. #.# #.#
#.#.#. #.# #.#
#.#.#. #.# #.#
#.#.## #.# #
#.###.#...
#r#.###.#.....####
#@......#.###.#
#.#.#####.# #.#
##### ### ###


You could see a quokka.

Vanquished Creatures
  3 ball pythons (D:1)
  3 endoplasms (D:1)
  3 giant cockroaches (D:1)
  2 goblins (D:1)
  A jackal (D:1)
  3 kobolds (D:1)
  A quokka (D:1)
  2 frilled lizards (D:1)
  4 rats (D:1)
22 creatures vanquished.

Notes
Turn   | Place    | Note
-------+----------+-------------------------------------------
     0 | D:1      | issech the Minotaur Monk began the quest for the Orb.
     0 | D:1      | Reached XP level 1. HP: 19/19 MP: 0/0
   296 | D:1      | Reached XP level 2. HP: 26/27 MP: 1/1
   800 | D:1      | Slain by a quokka

Illustrated notes

Levels and vault maps discovered:
D:1:      nicolae_arrival_memento_mori, layout_basic, serial_bayou_pond_b,
          minivault_11, minivault_5

Skill      XL: |  1  2 |
---------------+-------+-----
Axes           | 4 |  4.2
Fighting       | 4 |  4.0
Dodging        | |  3.6
Stealth        | |  1.7

Action                   || total
-------------------------++-------
Melee: Hand axe          ||    55
       Headbutt          ||     7
       Punch             ||     1
Throw: Stone             ||     3
 Stab: Sleeping          ||     2
Armor: Robe              ||    10
Dodge: Dodged            ||    42
